 Dungeon Crawl Stone Soup version 0.26-a0-667-g92642533e4 (webtiles) character file.

Game seed: 15172486110151492160

3682 jasper the Poker (level 9, -3/71 HPs)
             Began as a Demonspawn Hunter on Oct 17, 2020.
             Was a Priest of Wu Jian.
             Killed from afar by Erica (11 damage)
             ... with a lance of force
             ... on level 7 of the Dungeon.
             The game lasted 00:11:40 (7989 turns).

jasper the Poker (Demonspawn Hunter)                Turns: 7989, Time: 00:11:40

Health: -3/71      AC: 16    Str: 16    XL:     9   Next: 90%
Magic:  9/9        EV: 14    Int: 12    God:    Wu Jian [***...]
Gold:   385        SH:  0    Dex: 14    Spells: 8/8 levels left

rFire    . . .     SeeInvis .   R - +0 glaive
rCold    . . .     Faith    .   (shield currently unavailable)
rNeg     . . .     Spirit   .   M - +1 ring mail of Death's Door {+Inv Stlth+}
rPois    +         Reflect  .   d - +2 helmet
rElec    .         Harm     .   N - +1 cloak {rCorr}
rCorr    +         Rampage  .   (no gloves)
MR       .....                  (no boots)
Stlth    ++........             (no amulet)
HPRegen  0.21/turn              J - +4 ring of protection
MPRegen  0.11/turn              v - ring of poison resistance

@: mighty, stab
A: hooves 2, spiny 2
a: Wall Jump, Serpent's Lash, Renounce Religion, Evoke Invisibility


You were on level 7 of the Dungeon.
You worshipped Wu Jian.
Wu Jian was most pleased with you.
You visited 1 branch of the dungeon, and saw 8 of its levels.

You collected 527 gold pieces.
You spent 142 gold pieces at shops.

Inventory:

Hand Weapons
 a - a +0 short sword
 c - a +0 trident
 y - a +0 spear
 z - the +9 short sword "Yneowk Ocke" {speed, rElec MR+}
   (You took it off a gnoll on level 4 of the Dungeon)

   Attacks with this weapon are significantly faster.
   It insulates you from electricity.
   It affects your resistance to hostile enchantments.
 B - a +0 halberd
 K - the +0 hunting sling "Baxi Emi" {flame, rF- MR+ MP+9 SInv}
   (You found it on level 6 of the Dungeon)

   It causes projectiles fired from it to burn those they strike, causing extra
   injury to most foes and up to half again as much damage against particularly
   susceptible opponents.
   It makes you vulnerable to fire.
   It affects your resistance to hostile enchantments.
   It affects your magic capacity (+9).
   It lets you see invisible.
 R - a +0 glaive (weapon)
Missiles
 e - 227 stones (quivered)
 n - 6 javelins
Armour
 b - a +0 leather armour
 d - a +2 helmet (worn)
 j - a scarf of shadows
 m - a +0 ring mail
 s - a scarf of resistance
 L - a +0 ring mail
 M - the +1 ring mail of Death's Door (worn) {+Inv Stlth+}
   (You found it on level 6 of the Dungeon)

   It lets you turn invisible.
   It makes you more stealthy.
 N - a +1 cloak of preservation (worn)
Jewellery
 r - an uncursed ring of stealth
 v - a ring of poison resistance (right hand)
 w - an uncursed ring of attention
 D - an uncursed ring of magical power
 J - a +4 ring of protection (left hand)
Wands
 x - a wand of flame (15)
 C - a wand of acid (10)
 P - a wand of iceblast (3)
Scrolls
 g - a scroll of magic mapping
 h - 2 scrolls of remove curse
 o - 3 scrolls of enchant armour
 q - 2 scrolls of immolation {unknown}
 t - 2 scrolls of enchant weapon {unknown}
 E - a scroll of noise {unknown}
 H - 3 scrolls of blinking {unknown}
 O - a scroll of amnesia {unknown}
Potions
 f - 3 potions of mutation
 k - 2 potions of might
 l - a potion of ambrosia
 p - a potion of magic {unknown}
 u - a potion of lignification {unknown}
 A - a potion of stabbing
 F - a potion of cancellation {unknown}
 G - a potion of degeneration {unknown}
 I - a potion of flight {unknown}
 Q - a potion of brilliance {unknown}


   Skills:
 + Level 6.9 Fighting
 * Level 7.7 Polearms
 - Level 3.6 Throwing
 + Level 5.8 Armour
 + Level 6.2 Dodging
 - Level 0.8 Stealth


You had 8 spell levels left.
You didn't know any spells.
Your spell library was empty.

Dungeon Overview and Level Annotations

Branches:
Dungeon (8/15)             Temple (0/1) D:7
   Lair: D:8-11

Altars:
Ashenzari
Cheibriados
Dithmenos
Gozag
Hepliaklqana
Nemelex Xobeh
Okawaru
Qazlal
Ru
Trog
Wu Jian
Yredelemnul

Shops:
D:7 [

Annotations:
D:7 Erica


Innate Abilities, Weirdness & Mutations

You have hoof-like feet.
You are mostly covered in sharp spines.


Message History

Unknown command.
Unknown command.
You bump into the rock wall.
Erica gestures wildly while chanting.
Erica flickers and vanishes!
Deactivating autopickup; reactivate with Ctrl-A.
Unknown command.
You bump into the rock wall.
You feel less confused. Something hits you.
* * * LOW HITPOINT WARNING * * *
Something burns you.
* * * LOW HITPOINT WARNING * * *
You take 8 damage, and have 2/71 hp.
Unknown command.
You feel better.
You hear some strange, mumbled words.
A lance of force appears from out of thin air!
The lance of force hits you!
You die...

#...## #.......#..
#....# #.##...###.
##..## ######## #.
#....# #. ##...# #.
#..## #. #.## #.
#.# #. #@# #.
##~###### #.
#.......# ###.
#....>..########...
#..................
#.......########.#.
#.......# #.#.
#....[..# ##.#.
##..#...# #..#.


There were no monsters in sight!

Vanquished Creatures
  Eustachio (D:5)
  Menkaure (D:5)
  4 orc warriors
  5 sky beasts
  3 ice beasts
  A black bear (D:5)
  4 ogres
  A phantom (D:7)
  2 centaurs
  Blork the orc (D:6)
  3 bullfrogs
  A gnoll sergeant (D:7)
  2 scorpions
  2 killer bees (D:7)
  4 howler monkeys
  A bullfrog zombie (D:8)
  3 hounds
  A jelly (D:8)
  A centaur skeleton (D:8)
  Crazy Yiuf (D:7)
  2 iguanas
  3 orc priests
  Ijyb (D:5)
  6 orc wizards
  3 worker ants
  3 hound skeletons
  A mummy (D:6)
  7 gnolls
  11 adders
  A white imp (D:6)
  An ufetubus (D:7)
  An ooze (D:2)
  An adder skeleton (D:4)
  3 worms
  A dart slug (D:1)
  2 leopard geckos
  23 orcs
  4 giant cockroaches
  4 goblins
  7 hobgoblins
  19 jackals
  3 quokkas
  5 bats
  4 frilled lizards
  A jackal skeleton (D:6)
  6 kobolds
  A quokka skeleton (D:8)
  8 rats
174 creatures vanquished.

Vanquished Creatures (others)
  3 plants (D:3)
3 creatures vanquished.

Grand Total: 177 creatures vanquished

Notes
Turn   | Place    | Note
-------+----------+-------------------------------------------
     0 | D:1      | jasper the Demonspawn Hunter began the quest for the Orb.
     0 | D:1      | Reached XP level 1. HP: 16/16 MP: 1/1
   325 | D:1      | Gained mutation: You are partially covered in sharp spines.
                  | [demonic ancestry]
   325 | D:1      | Reached XP level 2. HP: 16/22 MP: 2/2
   607 | D:1      | Reached skill level 1 in Armour
  1407 | D:2      | You fall into a shaft and drop 2 floors!
  1472 | D:4      | Found an ornate altar of the Wu Jian Council.
  1480 | D:4      | Became a worshipper of the Wu Jian Council
  1515 | D:4      | Gained mutation: You have large cloven feet. [demonic
                  | ancestry]
  1515 | D:4      | Reached XP level 3. HP: 2/28 MP: 3/3
  1914 | D:4      | Reached XP level 4. HP: 32/35 MP: 4/4
  2430 | D:2      | Reached XP level 5. HP: 32/41 MP: 5/5
  3478 | D:3      | Reached skill level 1 in Polearms
  3485 | D:3      | Reached * piety under Wu Jian
  3833 | D:3      | Noticed a shadow
  3835 | D:3      | Found a shadowy altar of Dithmenos.
  3836 | D:3      | Found a hazy altar of Hepliaklqana.
  3917 | D:3      | Found a faded altar of an unknown god.
  4277 | D:4      | Reached XP level 6. HP: 48/48 MP: 6/6
  4287 | D:4      | Reached skill level 2 in Polearms
  4653 | D:4      | Identified the +9 short sword "Yneowk Ocke" {speed, rElec
                  | MR+}
  5122 | D:5      | Entered Level 5 of the Dungeon
  5165 | D:5      | Noticed a sky beast
  5180 | D:5      | Killed a sky beast
  5180 | D:5      | Reached skill level 3 in Polearms
  5180 | D:5      | Gained mutation: You are mostly covered in sharp spines.
                  | [demonic ancestry]
  5180 | D:5      | Reached XP level 7. HP: 54/54 MP: 7/7
  5196 | D:5      | Found a sacrificial altar of Ru.
  5197 | D:5      | Noticed Ijyb
  5202 | D:5      | Killed Ijyb
  5206 | D:5      | Noticed Eustachio
  5226 | D:5      | Killed Eustachio
  5305 | D:5      | Found an opulent altar of Gozag.
  5306 | D:5      | Found a broken altar of Ashenzari.
  5306 | D:5      | Found a basalt altar of Yredelemnul.
  5307 | D:5      | Found a bloodstained altar of Trog.
  5482 | D:5      | Noticed Menkaure
  5498 | D:5      | Killed Menkaure
  5498 | D:5      | Reached ** piety under Wu Jian
  5498 | D:5      | Reached skill level 4 in Polearms
  5561 | D:5      | Gained mutation: You have hoof-like feet. [demonic
                  | ancestry]
  5561 | D:5      | Reached XP level 8. HP: 61/61 MP: 8/8
  5562 | D:5      | Reached skill level 5 in Fighting
  5727 | D:5      | Reached skill level 5 in Polearms
  6050 | D:6      | Found a snail-covered altar of Cheibriados.
  6122 | D:6      | Reached skill level 5 in Dodging
  6173 | D:6      | Found a stormy altar of Qazlal.
  6277 | D:6      | Noticed Blork the orc
  6287 | D:6      | Killed Blork the orc
  6333 | D:6      | Reached skill level 6 in Polearms
  6344 | D:6      | Reached XP level 9. HP: 62/69 MP: 9/9
  6409 | D:6      | Got a smoking hunting sling
  6410 | D:6      | Identified the cursed +0 hunting sling "Baxi Emi" {flame,
                  | rF- MR+ MP+9 SInv} (You found it on level 6 of the Dungeon)
  6433 | D:6      | Found an iron altar of Okawaru.
  6631 | D:6      | Got a polished ring mail
  6642 | D:6      | Identified the +1 ring mail of Death's Door {+Inv Stlth+}
                  | (You found it on level 6 of the Dungeon)
  6655 | D:7      | Found a sparkling altar of Nemelex Xobeh.
  6726 | D:7      | Reached *** piety under Wu Jian
  6799 | D:7      | Reached skill level 5 in Armour
  6932 | D:7      | Found Likkofr Saedgh's Antique Armour Shop.
  6934 | D:7      | Bought a glowing cloak for 142 gold pieces
  7046 | D:7      | Found a runed translucent door.
  7047 | D:7      | Noticed Crazy Yiuf
  7177 | D:7      | Found a staircase to the Ecumenical Temple.
  7355 | D:7      | Killed Crazy Yiuf
  7565 | D:8      | Reached skill level 7 in Polearms
  7873 | D:8      | Reached **** piety under Wu Jian
  7946 | D:8      | Noticed Erica
  7988 | D:7      | HP: 2/71 [something (3)]
  7989 | D:7      | Killed from afar by Erica

Illustrated notes

Levels and vault maps discovered:
D:1:      minmay_arrival_shattered_statue, layout_loops_corners
D:2:      layout_rooms, hangedman_decor_clover_reticule
D:3:      layout_loops_corners, riverfiend_overflow_shadow_ancestor,
          chequers_ecumenical_altar_simple_redux, serial_bayou_lagoon_b
D:4:      layout_loops_corners, lemuel_crystal_altar
D:5:      layout_rooms, nicolae_ru_sacrificial_ziggurat,
          chequers_temple_overflow_statue_of_worship, uniq_ijyb, uniq_menkaure,
          uniq_eustachio
D:6:      layout_cave_pools, overflow_temple_1_default, slow_altar_1,
          overflow_temple_1_default, uniq_blork_the_orc
D:7:      layout_rooms, nemelex_xobeh_ov_fountains_minmay,
          minmay_temple_entry_nine_rooms, serial_shops, shop,
          uniq_crazy_yiuf_cottage
D:8:      layout_cave_pools, uniq_erica

Skill      XL: |  1  2  3  4  5  6  7  8  9 |
---------------+----------------------------+-----
Dodging        | 2 3 4 5 6 |  6.2
Armour         | 1 2 3 4 5 |  5.8
Fighting       | 3 4 5 6 |  6.9
Polearms       | 1 3 4 6 7 |  7.7
Throwing       | |  3.6
Stealth        | |  0.8

Action                   |  1- 3 |  4- 6 |  7- 9 || total
-------------------------+-------+-------+-------++-------
Melee: Short sword       |    55 |    21 |       ||    76
       Trident           |       |   173 |       ||   173
       Kick              |       |    43 |    61 ||   104
       Halberd           |       |     7 |   233 ||   240
       Glaive            |       |       |     9 ||     9
Throw: Javelin           |    11 |     7 |       ||    18
       Stone             |     5 |     4 |     7 ||    16
       Throwing net      |     2 |       |       ||     2
Invok: Lunge             |       |     1 |     2 ||     3
       Whirlwind         |       |     2 |    10 ||    12
       Serpent's Lash    |       |       |     2 ||     2
 Abil: Wall Jump         |       |       |     1 ||     1
Evoke: Wand              |       |     1 |     6 ||     7
  Use: Scroll            |       |       |     7 ||     7
       Potion            |       |       |     4 ||     4
 Stab: Sleeping          |     1 |       |       ||     1
       Paralysed         |       |     8 |     4 ||    12
Armor: Leather armour    |     9 |     6 |       ||    15
       Ring mail         |       |    44 |    89 ||   133
Dodge: Dodged            |    33 |   115 |   160 ||   308

Table legend: (Time is in decaauts)
 A = Elapsed time spent in this place.
 B = Non-inter-level travel time spent in this place.
 C = Inter-level travel time spent in this place.
 D = Time resting spent in this place.
 E = Time spent auto-exploring this place.
 F = Levels seen in this place.
 G = Mean time per level.
                   A        B        C        D        E       F      G
               +--------+--------+--------+--------+--------+-----+--------+
         Total |   8138 |   7885 |    253 |   1800 |   4788 |   8 | 1017.2 |
       Dungeon |   8138 |   7885 |    253 |   1800 |   4788 |   8 | 1017.2 |
               +--------+--------+--------+--------+--------+-----+--------+

Top non-repeatable levels by time:
     D:4: 1729 daAuts
     D:1: 1407 daAuts
     D:2: 1073 daAuts
     D:3: 987 daAuts
     D:7: 874 daAuts
     D:5: 838 daAuts
     D:6: 732 daAuts
     D:8: 494 daAuts
